 Dungeon Crawl Stone Soup version 0.15-a0-1914-g8cb84b8 (console) character file.

2807 Nacere the Conjurer (level 9, -10/45 HPs)
             Began as a Deep Elf Ice Elementalist on July 7, 2014.
             Was an Elder of Cheibriados.
             Mangled by a shadow (26 damage)
             ... on Level 11 of the Dungeon.
             The game lasted 00:30:17 (3791 turns).

Nacere the Conjurer (Deep Elf Ice Elementalist)     Turns: 3791, Time: 00:30:19

HP -10/45        AC  9     Str 17      XL: 9   Next: 44%
MP   9/25        EV 20     Int 30      God: Cheibriados [****..]
Gold 383         SH  5     Dex 27      Spells:  3 memorised, 10 levels left

rFire  . . .     SeeInvis .     w - +2 falchion (protect)
rCold  . . .     Clarity  .     E - +2 robe {MR+}
rNeg   . . .     rCorr    .     G - +0 buckler
rPois  +         rRot     .     (no helmet)
rElec  .         Spirit   .     (no cloak)
SustAb .         Warding  .     (no gloves)
rMut   .         Stasis   .     (no boots)
Gourm  .                        (no amulet)
MR     +....                    r - ring of poison resistance
                                m - ring "Onothrimm" {Dex+3 Stlth+}

@: very slow, somewhat resistant to hostile enchantments, stealthy
A: no striking features
a: Bend Time, Temporal Distortion, Slouch, Renounce Religion


You were on level 11 of the Dungeon.
You worshipped Cheibriados.
Cheibriados was greatly pleased with you.
You were not hungry.

You visited 2 branches of the dungeon, and saw 12 of its levels.
You also visited: Sewer.

You collected 383 gold pieces.

Inventory:

Hand weapons
 w - a +2 falchion of protection (weapon)
 K - a +3 antimagic flail
 M - a -1 blowgun
Missiles
 N - 8 curare-tipped needles
Armour
 f - a +0 large shield
 E - a +2 robe of magic resistance (worn)
 F - a cursed +0 plate armour
 G - a +0 buckler (worn)
Magical devices
 a - a wand of polymorph (6)
 i - a wand of frost (10)
 j - a wand of teleportation (0)
 J - a wand of fireball (6)
Comestibles
 c - 4 bread rations
 d - 3 beef jerkies
 o - 2 meat rations
Scrolls
 g - 2 scrolls of enchant weapon
 h - a scroll of fog {unknown}
 k - 2 scrolls of magic mapping {unknown}
 l - a scroll of noise {unknown}
 n - 2 scrolls of remove curse
 p - a scroll of blinking {unknown}
 y - 3 scrolls of teleportation {unknown}
 H - a scroll of enchant armour {unknown}
Jewellery
 e - an uncursed ring of fire
 m - the ring "Onothrimm" (left hand) {Dex+3 Stlth+}
   (You found it in a sewer)

   [ring of stealth]

   It affects your dexterity (+3).
   It makes you more stealthy.
 r - a ring of poison resistance (right hand)
 t - an uncursed ring of stealth
 z - an uncursed ring of positive energy
 A - an uncursed ring of positive energy
Potions
 q - a potion of berserk rage {unknown}
 s - 2 potions of heal wounds {unknown}
 u - a potion of might
 v - 4 potions of curing
 x - a potion of agility
 B - a potion of brilliance
 C - a potion of flight
 L - a potion of poison {unknown}
Books
 b - a book of Frost

   Spells                             Type                      Level
   *Freeze                            Ice                          1
   *Throw Frost                       Conjuration/Ice              2
   Ozocubu's Armour                   Charms/Ice                   3
   *Throw Icicle                      Conjuration/Ice              4
   Summon Ice Beast                   Ice/Summoning                4
   Condensation Shield                Ice                          4
 D - a Grand Grimoire {highlevel, unknown}

   This book is beyond your current level of understanding.

   Spells                             Type                      Level
   Aura of Abjuration                 Summoning                    6
   Forceful Dismissal                 Summoning                    6
   Haunt                              Necromancy/Summoning         7
   Summon Greater Demon               Summoning                    7
   Malign Gateway                     Summoning/Translocation      7
   Summon Horrible Things             Summoning                    8


   Skills:
 + Level 7.5 Dodging
 - Level 2.4 Stealth
 + Level 4.9 Spellcasting
 - Level 8.0 Conjurations
 - Level 8.0 Ice Magic
 + Level 5.6 Invocations


You had 10 spell levels left.
You knew the following spells:

 Your Spells              Type           Power        Failure   Level  Hunger
a - Freeze                Ice            ####         1%          1    None
b - Throw Frost           Conj/Ice       ######       1%          2    None
c - Throw Icicle          Conj/Ice       ######..     2%          4    ###....


Dungeon Overview and Level Annotations

Branches:
Dungeon (11/15)            Temple (1/1) D:4
    Orc: D:9-12        Lair: D:8-11

Altars:
Ashenzari
Cheibriados
Dithmenos
Fedhas
Gozag
Makhleb
Okawaru
Sif Muna
Zin
The Shining One

Annotations:
D:8 Eustachio, Gastronok


Message History

Press: ? - help, Shift-Dir - straight line, f - shadow
Aim: a shadow The shard of ice hits the shadow.
The shadow partially resists.
The shadow is moderately damaged.
The shadow slips into darkness!
Deactivating autopickup; reactivate with Ctrl-A.
Casting: Throw Icicle
Confirm with . or Enter, or press ? or * to list all spells.
You can't see any susceptible monsters within range! (Use Z to cast anyway.)
You hit something but do no damage.
The shadow strikes at you from the darkness!
Ouch! That really hurt!
Reactivating autopickup.
You closely miss the shadow.
The shadow is moderately damaged.
The shadow slips into darkness!
Deactivating autopickup; reactivate with Ctrl-A.
The shadow strikes at you from the darkness!
Ouch! That really hurt!
You die...

... .........
...........
.............
...............
..[.............
<.>..............
.....)..{......)..
........@.........
...................
..........<........
########.#####.....
#!# ... #.# #.# #.#
#.#


There were no monsters in sight!

Vanquished Creatures
  Prince Ribbit (D:7)
  A deep elf mage (D:11)
  A hippogriff (D:10)
  Edmund (D:8)
  A water moccasin (D:7)
  2 orc warriors
  A black bear (D:9)
  An ice beast (D:9)
  2 ogres
  3 centaurs
  A big kobold (D:8)
  2 giant frogs (Sewer)
  2 scorpions
  4 wights (D:9)
  3 crimson imps
  A jelly (D:6)
  A quasit (D:10)
  A hound (D:4)
  7 orc wizards
  4 worker ants
  2 iguanas (D:9)
  3 orc priests
  Jessica (D:3)
  Terence (D:3)
  A worker ant zombie (D:8)
  11 adders
  A gnoll skeleton (D:5)
  4 giant mites
  8 giant geckos
  3 oozes
  16 orcs
  A ball python (Sewer)
  A bat skeleton (D:5)
  8 giant cockroaches
  7 goblins
  8 hobgoblins
  8 jackals
  11 kobolds
  2 quokkas
  10 bats
  6 giant newts
  A giant spore (D:9)
  A hobgoblin skeleton (D:6)
  7 rats
  2 ballistomycetes (D:9)
164 creatures vanquished.

Notes
Turn   | Place    | Note
--------------------------------------------------------------
     0 | D:1      | Nacere, the Deep Elf Ice Elementalist, began the quest for the Orb.
     0 | D:1      | Reached XP level 1. HP: 10/10 MP: 5/5
    98 | D:2      | Reached skill level 4 in Spellcasting
    98 | D:2      | Reached XP level 2. HP: 9/15 MP: 0/9
   102 | D:2      | Learned a level 2 spell: Throw Frost
   384 | D:3      | Reached XP level 3. HP: 16/19 MP: 6/12
   401 | D:3      | Found a glowing drain.
   431 | Sewer    | Entered a sewer
   486 | Sewer    | Reached XP level 4. HP: 21/24 MP: 2/15
   492 | Sewer    | Learned a level 4 spell: Throw Icicle
   845 | Sewer    | Noticed a giant frog
   846 | Sewer    | Noticed a giant frog
   850 | Sewer    | Killed a giant frog
   850 | Sewer    | Reached XP level 5. HP: 28/28 MP: 13/18
   853 | Sewer    | Killed a giant frog
   865 | Sewer    | Got a sparkling lapis lazuli ring
   872 | Sewer    | Identified the ring "Onothrimm" {Dex+3 Stlth+} (You found it in a sewer)
   992 | D:3      | Noticed Terence
  1000 | D:3      | Killed Terence
  1000 | D:3      | Reached XP level 6. HP: 27/32 MP: 8/20
  1028 | D:3      | Noticed Jessica
  1029 | D:3      | Killed Jessica
  1029 | D:3      | Reached skill level 5 in Conjurations
  1163 | D:3      | Found a blossoming altar of Fedhas.
  1242 | D:4      | Found a staircase to the Ecumenical Temple.
  1253 | D:4      | Reached skill level 5 in Ice Magic
  1299 | Temple   | Entered the Ecumenical Temple
  1320 | Temple   | Became a worshipper of Cheibriados the Contemplative
  1436 | D:4      | Fell from the grace of Cheibriados
  1502 | Temple   | Became a worshipper of Cheibriados the Contemplative
  1538 | D:5      | Entered Level 5 of the Dungeon
  1724 | D:5      | Reached XP level 7. HP: 30/36 MP: 15/21
  1826 | D:5      | Reached skill level 6 in Conjurations
  2341 | D:6      | Reached skill level 5 in Dodging
  2441 | D:6      | Reached skill level 1 in Invocations
  2441 | D:6      | Reached XP level 8. HP: 27/41 MP: 14/23
  2504 | D:7      | Noticed Prince Ribbit
  2513 | D:7      | Killed Prince Ribbit
  2597 | D:7      | Reached skill level 7 in Conjurations
  2832 | D:8      | Noticed Gastronok
  3072 | D:9      | Reached XP level 9. HP: 45/45 MP: 0/24
  3100 | D:9      | Found a deep blue altar of Sif Muna.
  3163 | D:9      | Acquired Cheibriados' first power
  3220 | D:8      | Noticed Eustachio
  3221 | D:8      | Noticed Edmund
  3231 | D:8      | Killed Edmund
  3290 | D:9      | Reached skill level 5 in Invocations
  3544 | D:8      | Reached skill level 8 in Conjurations
  3547 | D:8      | Acquired Cheibriados' second power
  3557 | D:8      | Found a burning altar of Makhleb.
  3637 | D:10     | Entered Level 10 of the Dungeon
  3791 | D:11     | Mangled by a shadow

Action                   |  1- 3 |  4- 6 |  7- 9 || total
-------------------------+-------+-------+-------++-------
Melee: Unarmed           |     1 |       |       ||     1
       Dagger            |    16 |    80 |       ||    96
       Glaive            |       |    40 |       ||    40
       Falchion          |       |     7 |   210 ||   217
 Cast: Freeze            |    33 |    49 |    37 ||   119
       Throw Frost       |     1 |     7 |    17 ||    25
       Throw Icicle      |       |     6 |    36 ||    42
Invok: Bend Time         |       |       |     1 ||     1
Evoke: Wand              |       |       |     4 ||     4
  Use: Scroll            |       |       |     9 ||     9
 Stab: Sleeping          |     1 |     9 |    11 ||    21
       Distracted        |       |     1 |       ||     1
  Eat: Chunk             |       |     3 |    11 ||    14
